[ AOE2 MATCH · #473337343 ]
UnrankedHuns vs Teutons
[ REPLAY ANALYSIS · EXTRACTED FROM THE RECORDED GAME ]
Feudal
11:29
Castle
24:04
Imperial
—
| APM avg | 22.4 |
| APM peak | 60 |
| eAPM avg | 13.4 |
| Villagers / military | 104 / 15 |
Focus
⚔️ 12.4% · 🌾 87.6%
Scout Cavalry ×8 · Knight ×5 · Spearman ×2
Feudal
12:38
Castle
22:33
Imperial
—
| APM avg | 20.1 |
| APM peak | 61 |
| eAPM avg | 14.5 |
| Villagers / military | 54 / 3 |
Focus
⚔️ 41.9% · 🌾 58.1%
Battering Ram ×2 · Teutonic Knight ×1
Feudal
10:10
Castle
22:46
Imperial
—
| APM avg | 70.2 |
| APM peak | 132 |
| eAPM avg | 24.4 |
| Villagers / military | 107 / 44 |
Focus
⚔️ 19.2% · 🌾 80.8%
Knight ×34 · Scout Cavalry ×8 · Monk ×2
Feudal
12:00
Castle
22:37
Imperial
—
| APM avg | 43.4 |
| APM peak | 81 |
| eAPM avg | 27.0 |
| Villagers / military | 71 / 88 |
Focus
⚔️ 23.9% · 🌾 76.1%
Spearman ×42 · Militia ×30 · Archer ×12 · Battering Ram ×4
Feudal
10:19
Castle
22:41
Imperial
—
| APM avg | 25.1 |
| APM peak | 86 |
| eAPM avg | 15.1 |
| Villagers / military | 70 / 34 |
Focus
⚔️ 23.4% · 🌾 76.6%
Spearman ×11 · Scout Cavalry ×9 · Knight ×4 · Steppe Lancer ×4 · Battering Ram ×3 · Camel Scout ×3
Feudal
9:31
Castle
21:20
Imperial
—
| APM avg | 40.6 |
| APM peak | 77 |
| eAPM avg | 15.0 |
| Villagers / military | 90 / 55 |
Focus
⚔️ 38.5% · 🌾 61.5%
Knight ×47 · Scout Cavalry ×8
Match map
Initial resources + every placement click. Lines = walls · curves = elevation contours. ◆ gold · ⬟ stone · ● berries · ✦ relic · ◌ wall gap
Your base· Open — unwalled flank
km_wp's base· Open — unwalled flank
laoliu's base· Open — 5t gap
nash7654321's base· Open — unwalled flank
luismedina19877's base· Open — unwalled flank
Elophant's base· ✓ Closed at 21:20 · 27t walls · 1 gate(s)
Smoothed initial terrain · ◌ = detected wall gap · hover for details
Inputs per minute
— CrybabyRox - - km_wp
Build order — CrybabyRox
First 150 of 195 actions detected
| 0:02 | Create | Villager (Male) |
| 0:03 | Create | Villager (Male) |
| 0:03 | Create | Villager (Male) |
| 0:03 | Create | Villager (Male) |
| 0:04 | Create | Villager (Male) |
| 1:28 | Create | Villager (Male) |
| 1:57 | Build | Lumber Camp |
| 1:59 | Create | Villager (Male) |
| 1:59 | Create | Villager (Male) |
| 1:59 | Create | Villager (Male) |
| 2:17 | Create | Villager (Male) |
| 2:17 | Create | Villager (Male) |
| 2:47 | Create | Villager (Male) |
| 2:47 | Create | Villager (Male) |
| 2:48 | Create | Villager (Male) |
| 3:35 | Create | Villager (Male) |
| 3:35 | Create | Villager (Male) |
| 3:55 | Create | Villager (Male) |
| 3:56 | Create | Villager (Male) |
| 3:56 | Create | Villager (Male) |
| 4:57 | Research | Loom |
| 5:25 | Create | Villager (Male) |
| 5:25 | Create | Villager (Male) |
| 5:25 | Create | Villager (Male) |
| 5:25 | Create | Villager (Male) |
| 5:38 | Build | Mill |
| 6:21 | Create | Villager (Male) |
| 6:21 | Create | Villager (Male) |
| 6:22 | Create | Villager (Male) |
| 7:45 | Build | Farm |
| 7:46 | Build | Farm |
| 7:48 | Create | Villager (Male) |
| 7:48 | Create | Villager (Male) |
| 8:38 | Build | Mill |
| 8:47 | Create | Villager (Male) |
| 8:47 | Create | Villager (Male) |
| 9:19 | Research | Feudal Age |
| 9:19 | Research | Feudal Age |
| 9:20 | Research | Feudal Age |
| 9:26 | Build | Barracks |
| 9:55 | Build | Farm |
| 11:29 | Age | Feudal Age |
| 11:32 | Build | Stable |
| 11:38 | Research | Double-Bit Axe |
| 11:38 | Research | Double-Bit Axe |
| 11:38 | Research | Double-Bit Axe |
| 11:40 | Create | Villager (Male) |
| 11:40 | Create | Villager (Male) |
| 11:40 | Create | Villager (Male) |
| 12:18 | Build | Farm |
| 12:19 | Build | Farm |
| 12:25 | Create | Scout Cavalry |
| 12:26 | Create | Scout Cavalry |
| 12:27 | Create | Scout Cavalry |
| 13:05 | Create | Villager (Male) |
| 13:05 | Create | Villager (Male) |
| 13:13 | Create | Spearman |
| 14:09 | Create | Villager (Male) |
| 14:09 | Create | Villager (Male) |
| 14:09 | Create | Villager (Male) |
| 14:13 | Build | Farm |
| 14:15 | Build | Farm |
| 14:25 | Build | Farm |
| 14:33 | Create | Scout Cavalry |
| 14:33 | Create | Scout Cavalry |
| 14:40 | Build | Farm |
| 15:21 | Create | Villager (Male) |
| 15:22 | Create | Villager (Male) |
| 15:22 | Create | Villager (Male) |
| 15:35 | Build | Farm |
| 15:48 | Create | Scout Cavalry |
| 15:49 | Create | Scout Cavalry |
| 16:22 | Create | Villager (Male) |
| 16:25 | Create | Scout Cavalry |
| 16:36 | Build | Farm |
| 16:38 | Build | Farm |
| 16:41 | Build | Farm |
| 16:43 | Build | Farm |
| 16:44 | Build | Farm |
| 16:55 | Create | Villager (Male) |
| 16:55 | Create | Villager (Male) |
| 17:42 | Create | Villager (Male) |
| 17:43 | Create | Villager (Male) |
| 17:43 | Create | Villager (Male) |
| 18:08 | Create | Villager (Male) |
| 18:08 | Create | Villager (Male) |
| 18:08 | Create | Villager (Male) |
| 18:23 | Build | Mining Camp |
| 18:31 | Create | Spearman |
| 19:01 | Build | Farm |
| 19:19 | Create | Villager (Male) |
| 19:54 | Build | Market |
| 20:29 | Build | Farm |
| 20:34 | Create | Villager (Male) |
| 20:40 | Build | Farm |
| 21:24 | Research | Castle Age |
| 21:25 | Research | Castle Age |
| 21:25 | Research | Castle Age |
| 21:40 | Research | Horse Collar |
| 21:40 | Research | Horse Collar |
| 21:40 | Research | Horse Collar |
| 22:52 | Build | Farm |
| 23:57 | Build | Farm |
| 24:04 | Age | Castle Age |
| 24:06 | Build | Town Center |
| 24:08 | Create | Knight |
| 24:09 | Create | Knight |
| 24:13 | Create | Villager (Male) |
| 24:13 | Create | Villager (Male) |
| 24:14 | Create | Villager (Male) |
| 24:14 | Create | Villager (Male) |
| 24:14 | Create | Villager (Male) |
| 24:39 | Create | Knight |
| 25:21 | Create | Villager (Male) |
| 25:21 | Create | Villager (Male) |
| 25:21 | Create | Villager (Male) |
| 25:22 | Create | Villager (Male) |
| 25:22 | Create | Villager (Male) |
| 25:25 | Build | Lumber Camp |
| 25:46 | Create | Knight |
| 25:46 | Create | Knight |
| 25:52 | Create | Villager (Male) |
| 25:52 | Create | Villager (Male) |
| 25:53 | Create | Villager (Male) |
| 25:53 | Create | Villager (Male) |
| 26:33 | Create | Villager (Male) |
| 26:33 | Create | Villager (Male) |
| 26:34 | Create | Villager (Male) |
| 26:34 | Create | Villager (Male) |
| 26:34 | Create | Villager (Male) |
| 26:34 | Create | Villager (Male) |
| 26:52 | Build | Farm |
| 26:54 | Build | Farm |
| 27:10 | Build | Farm |
| 27:14 | Create | Villager (Male) |
| 27:14 | Create | Villager (Male) |
| 27:14 | Create | Villager (Male) |
| 27:14 | Create | Villager (Male) |
| 27:14 | Create | Villager (Male) |
| 27:15 | Create | Villager (Male) |
| 27:15 | Create | Villager (Male) |
| 27:33 | Build | Farm |
| 27:50 | Build | Farm |
| 28:25 | Research | Wheelbarrow |
| 28:25 | Create | Villager (Male) |
| 28:26 | Create | Villager (Male) |
| 28:26 | Create | Villager (Male) |
| 28:26 | Create | Villager (Male) |
| 28:26 | Create | Villager (Male) |
| 28:26 | Create | Villager (Male) |
Build order — km_wp
81 actions detected in the replay
| 0:02 | Research | Loom |
| 0:03 | Create | Villager (Male) ×4 |
| 0:30 | Build | House |
| 0:31 | Build | House |
| 0:33 | Build | House |
| 1:29 | Build | Mill |
| 2:53 | Create | Villager (Male) |
| 3:19 | Create | Villager (Male) |
| 3:48 | Create | Villager (Male) |
| 4:01 | Create | Villager (Male) |
| 4:01 | Create | Villager (Male) |
| 4:29 | Create | Villager (Male) |
| 4:55 | Create | Villager (Male) |
| 5:10 | Build | House |
| 5:12 | Build | House |
| 5:18 | Create | Villager (Male) |
| 5:19 | Create | Villager (Male) |
| 5:41 | Create | Villager (Male) |
| 5:59 | Build | Lumber Camp |
| 6:18 | Create | Villager (Male) ×3 |
| 6:43 | Create | Villager (Male) ×2 |
| 7:04 | Create | Villager (Male) |
| 7:19 | Create | Villager (Male) |
| 7:19 | Create | Villager (Male) |
| 7:42 | Create | Villager (Male) |
| 8:28 | Build | Mining Camp |
| 9:23 | Build | Mining Camp |
| 9:27 | Create | Villager (Male) |
| 10:05 | Research | Feudal Age |
| 11:00 | Build | House |
| 11:01 | Build | House |
| 11:05 | Build | House |
| 11:07 | Build | House |
| 11:24 | Create | Villager (Male) ×3 |
| 11:56 | Create | Villager (Male) |
| 11:56 | Create | Villager (Male) |
| 12:27 | Build | Farm |
| 12:28 | Build | Farm |
| 12:29 | Build | Farm |
| 12:30 | Build | Farm |
| 12:31 | Build | Farm |
| 12:33 | Build | Farm |
| 12:38 | Age | Feudal Age |
| 13:03 | Build | Market |
| 14:45 | Create | Villager (Male) |
| 14:46 | Create | Villager (Male) |
| 14:46 | Create | Villager (Male) |
| 16:32 | Build | Blacksmith |
| 18:38 | Build | Lumber Camp |
| 18:51 | Build | Farm |
| 18:58 | Build | Farm |
| 19:53 | Research | Castle Age |
| 20:29 | Build | Farm |
| 20:30 | Build | Farm |
| 20:43 | Build | Farm |
| 20:44 | Build | Farm |
| 21:06 | Research | Fletching |
| 22:07 | Research | Wheelbarrow |
| 22:33 | Age | Castle Age |
| 22:46 | Build | Town Center |
| 22:59 | Research | Double-Bit Axe |
| 23:26 | Research | Town Watch |
| 24:19 | Create | Villager (Male) |
| 24:19 | Create | Villager (Male) |
| 24:19 | Create | Villager (Male) |
| 25:26 | Create | Villager (Male) |
| 25:26 | Create | Villager (Male) |
| 25:51 | Build | Castle |
| 26:05 | Create | Villager (Male) ×3 |
| 27:07 | Create | Villager (Male) |
| 27:08 | Create | Villager (Male) |
| 27:38 | Create | Villager (Male) ×5 |
| 28:37 | Build | Siege Workshop |
| 29:42 | Create | Battering Ram |
| 30:07 | Create | Villager (Male) ×5 |
| 30:31 | Create | Battering Ram |
| 31:16 | Research | Bodkin Arrow |
| 31:54 | Create | Villager (Male) |
| 31:54 | Create | Villager (Male) |
| 32:10 | Create | Teutonic Knight |
| 32:18 | Research | Horse Collar |
Build order — laoliu
First 150 of 270 actions detected
| 0:00 | Create | Villager (Male) |
| 0:01 | Create | Villager (Male) |
| 0:01 | Create | Villager (Male) |
| 0:01 | Create | Villager (Male) |
| 0:02 | Build | House |
| 0:06 | Build | House |
| 1:24 | Create | Villager (Male) |
| 1:24 | Create | Villager (Male) |
| 2:06 | Create | Villager (Male) |
| 2:06 | Create | Villager (Male) |
| 2:07 | Create | Villager (Male) |
| 2:18 | Create | Villager (Male) |
| 2:18 | Create | Villager (Male) |
| 2:41 | Create | Villager (Male) |
| 2:41 | Create | Villager (Male) |
| 3:11 | Build | Lumber Camp |
| 3:34 | Create | Villager (Male) |
| 3:34 | Create | Villager (Male) |
| 3:35 | Create | Villager (Male) |
| 3:35 | Create | Villager (Male) |
| 5:14 | Create | Villager (Male) |
| 5:15 | Create | Villager (Male) |
| 5:15 | Create | Villager (Male) |
| 5:29 | Create | Villager (Male) |
| 5:29 | Create | Villager (Male) |
| 5:30 | Create | Villager (Male) |
| 5:30 | Create | Villager (Male) |
| 5:35 | Build | House |
| 5:52 | Build | Mill |
| 5:54 | Create | Villager (Male) |
| 5:54 | Create | Villager (Male) |
| 5:58 | Build | House |
| 6:22 | Create | Villager (Male) |
| 6:22 | Create | Villager (Male) |
| 6:23 | Create | Villager (Male) |
| 6:50 | Create | Villager (Male) |
| 6:55 | Research | Loom |
| 8:00 | Research | Feudal Age |
| 8:00 | Research | Feudal Age |
| 8:20 | Build | House |
| 8:45 | Build | Barracks |
| 10:10 | Create | Villager (Male) |
| 10:10 | Age | Feudal Age |
| 10:13 | Build | Stable |
| 10:25 | Research | Double-Bit Axe |
| 10:25 | Research | Double-Bit Axe |
| 10:26 | Create | Villager (Male) |
| 10:34 | Build | House |
| 10:51 | Create | Scout Cavalry |
| 10:51 | Create | Scout Cavalry |
| 11:00 | Build | Farm |
| 11:08 | Create | Scout Cavalry |
| 11:09 | Create | Scout Cavalry |
| 11:20 | Create | Villager (Male) |
| 11:33 | Build | House |
| 11:35 | Create | Scout Cavalry |
| 11:35 | Create | Villager (Male) |
| 11:41 | Build | Farm |
| 11:42 | Build | Farm |
| 11:45 | Create | Villager (Male) |
| 11:59 | Build | Farm |
| 12:00 | Build | Farm |
| 12:03 | Create | Villager (Male) |
| 12:08 | Build | House |
| 12:15 | Build | Farm |
| 12:29 | Build | House |
| 12:30 | Create | Villager (Male) |
| 13:05 | Create | Villager (Male) |
| 13:08 | Build | Farm |
| 13:10 | Create | Villager (Male) |
| 13:12 | Build | House |
| 13:26 | Create | Villager (Male) |
| 13:27 | Build | Farm |
| 13:28 | Build | Farm |
| 13:29 | Build | Farm |
| 13:33 | Build | Farm |
| 14:14 | Create | Villager (Male) |
| 14:17 | Create | Villager (Male) |
| 14:21 | Build | Farm |
| 14:27 | Create | Villager (Male) |
| 14:29 | Build | Farm |
| 14:31 | Build | Farm |
| 14:32 | Create | Villager (Male) |
| 14:35 | Build | Blacksmith |
| 15:13 | Create | Scout Cavalry |
| 15:13 | Create | Scout Cavalry |
| 15:13 | Create | Scout Cavalry |
| 15:37 | Create | Villager (Male) |
| 15:39 | Build | Farm |
| 15:42 | Research | Scale Barding Armor |
| 15:43 | Research | Scale Barding Armor |
| 15:43 | Research | Scale Barding Armor |
| 15:59 | Create | Villager (Male) |
| 16:19 | Create | Villager (Male) |
| 16:23 | Build | Farm |
| 16:28 | Build | Farm |
| 16:36 | Build | Farm |
| 16:37 | Create | Villager (Male) |
| 16:41 | Build | Farm |
| 16:51 | Build | House |
| 16:53 | Build | House |
| 17:39 | Create | Villager (Male) |
| 17:41 | Create | Villager (Male) |
| 17:44 | Build | Mining Camp |
| 18:00 | Create | Villager (Male) |
| 18:06 | Create | Villager (Male) |
| 18:13 | Create | Villager (Male) |
| 18:35 | Create | Villager (Male) |
| 18:35 | Create | Villager (Male) |
| 18:41 | Create | Villager (Male) |
| 18:46 | Build | House |
| 18:47 | Build | House |
| 18:51 | Create | Villager (Male) |
| 19:17 | Create | Villager (Male) |
| 19:31 | Create | Villager (Male) |
| 19:44 | Research | Gold Mining |
| 19:44 | Research | Gold Mining |
| 19:44 | Research | Gold Mining |
| 19:47 | Build | Farm |
| 20:04 | Research | Castle Age |
| 20:04 | Research | Castle Age |
| 20:04 | Research | Castle Age |
| 20:30 | Research | Forging |
| 20:30 | Research | Forging |
| 20:34 | Build | Stable |
| 20:39 | Build | House |
| 20:41 | Build | Palisade Wall |
| 21:42 | Build | Market |
| 22:18 | Build | Stable |
| 22:46 | Age | Castle Age |
| 22:52 | Build | Town Center |
| 22:55 | Create | Knight |
| 22:55 | Create | Knight |
| 22:55 | Create | Knight |
| 22:55 | Create | Knight |
| 22:55 | Create | Knight |
| 23:12 | Research | Husbandry |
| 23:12 | Research | Husbandry |
| 23:13 | Research | Husbandry |
| 23:13 | Create | Knight |
| 23:13 | Create | Knight |
| 23:23 | Create | Villager (Male) |
| 23:28 | Create | Villager (Male) |
| 23:42 | Research | Bow Saw |
| 23:42 | Research | Bow Saw |
| 23:50 | Build | Monastery |
| 23:55 | Create | Knight |
| 23:56 | Create | Knight |
| 23:57 | Create | Villager (Male) |
| 23:57 | Create | Villager (Male) |
Build order — nash7654321
First 150 of 263 actions detected
| 0:01 | Create | Villager (Male) |
| 0:02 | Create | Villager (Male) |
| 0:02 | Create | Villager (Male) |
| 0:04 | Build | House |
| 0:06 | Build | House |
| 0:09 | Create | Villager (Male) |
| 0:09 | Create | Villager (Male) |
| 0:41 | Build | Mill |
| 1:05 | Research | Loom |
| 1:05 | Research | Loom |
| 1:42 | Create | Villager (Male) |
| 1:43 | Create | Villager (Male) |
| 1:52 | Build | House |
| 2:28 | Create | Villager (Male) |
| 2:54 | Create | Villager (Male) |
| 3:29 | Create | Villager (Male) |
| 3:35 | Build | House |
| 3:47 | Create | Villager (Male) |
| 4:11 | Create | Villager (Male) |
| 4:39 | Create | Villager (Male) |
| 5:14 | Build | Lumber Camp |
| 5:15 | Create | Villager (Male) |
| 5:15 | Create | Villager (Male) |
| 5:16 | Create | Villager (Male) |
| 5:23 | Build | House |
| 5:53 | Create | Villager (Male) |
| 6:05 | Create | Villager (Male) |
| 6:22 | Create | Villager (Male) |
| 6:23 | Create | Villager (Male) |
| 6:38 | Create | Villager (Male) |
| 6:46 | Build | Lumber Camp |
| 6:47 | Create | Villager (Male) |
| 6:58 | Create | Villager (Male) |
| 7:27 | Build | Farm |
| 7:44 | Build | Farm |
| 7:46 | Create | Villager (Male) |
| 8:04 | Build | Farm |
| 8:06 | Create | Villager (Male) |
| 8:20 | Create | Villager (Male) |
| 8:25 | Build | Mining Camp |
| 9:24 | Build | Farm |
| 9:46 | Research | Feudal Age |
| 9:47 | Research | Feudal Age |
| 9:54 | Build | Farm |
| 9:59 | Build | Barracks |
| 11:13 | Build | House |
| 11:20 | Build | Farm |
| 12:00 | Age | Feudal Age |
| 12:06 | Build | Blacksmith |
| 12:07 | Create | Spearman |
| 12:07 | Create | Spearman |
| 12:15 | Create | Villager (Male) |
| 12:15 | Create | Villager (Male) |
| 12:20 | Research | Double-Bit Axe |
| 12:20 | Research | Double-Bit Axe |
| 12:29 | Create | Spearman |
| 12:53 | Research | Horse Collar |
| 12:59 | Create | Spearman |
| 13:05 | Create | Villager (Male) |
| 13:16 | Build | Farm |
| 13:24 | Build | Farm |
| 13:27 | Create | Villager (Male) |
| 13:31 | Create | Spearman |
| 13:39 | Build | House |
| 13:41 | Create | Villager (Male) |
| 14:12 | Create | Spearman |
| 14:15 | Build | Archery Range |
| 14:24 | Build | House |
| 14:38 | Create | Villager (Male) |
| 14:38 | Create | Villager (Male) |
| 14:44 | Build | Farm |
| 14:47 | Build | Farm |
| 14:53 | Create | Spearman |
| 14:53 | Create | Spearman |
| 15:00 | Create | Villager (Male) |
| 15:08 | Build | House |
| 15:14 | Create | Archer |
| 15:14 | Create | Archer |
| 15:15 | Create | Archer |
| 15:15 | Create | Archer |
| 15:15 | Create | Archer |
| 15:31 | Build | House |
| 15:35 | Create | Archer |
| 15:37 | Create | Villager (Male) |
| 15:38 | Create | Villager (Male) |
| 15:42 | Build | House |
| 15:52 | Research | Scale Mail Armor |
| 15:55 | Create | Villager (Male) |
| 15:59 | Build | Farm |
| 16:02 | Build | Farm |
| 16:05 | Build | Farm |
| 16:08 | Create | Archer |
| 16:10 | Create | Spearman |
| 16:28 | Research | Gold Mining |
| 16:29 | Research | Gold Mining |
| 16:48 | Build | House |
| 16:58 | Create | Villager (Male) |
| 17:12 | Build | Farm |
| 17:20 | Build | Lumber Camp |
| 17:35 | Research | Wheelbarrow |
| 17:35 | Research | Wheelbarrow |
| 17:44 | Build | House |
| 17:49 | Create | Archer |
| 17:49 | Create | Archer |
| 17:50 | Create | Spearman |
| 17:51 | Create | Spearman |
| 18:29 | Create | Villager (Male) |
| 18:29 | Create | Villager (Male) |
| 19:29 | Build | Farm |
| 19:54 | Build | Farm |
| 19:57 | Research | Castle Age |
| 19:57 | Research | Castle Age |
| 20:11 | Create | Archer |
| 20:11 | Create | Archer |
| 20:11 | Create | Archer |
| 20:15 | Research | Man-at-Arms (upgrade) |
| 20:15 | Research | Man-at-Arms (upgrade) |
| 20:20 | Build | Lumber Camp |
| 20:36 | Build | Barracks |
| 20:40 | Create | Spearman |
| 20:44 | Research | Fletching |
| 20:44 | Research | Fletching |
| 21:02 | Build | Mill |
| 21:13 | Create | Militia |
| 21:13 | Create | Militia |
| 21:14 | Create | Militia |
| 21:28 | Create | Spearman |
| 21:29 | Create | Spearman |
| 21:29 | Create | Spearman |
| 21:44 | Create | Militia |
| 21:45 | Create | Militia |
| 22:18 | Build | House |
| 22:37 | Age | Castle Age |
| 22:38 | Research | Pikeman (upgrade) |
| 22:38 | Research | Pikeman (upgrade) |
| 22:40 | Research | Long Swordsman (upgrade) |
| 22:40 | Research | Long Swordsman (upgrade) |
| 22:46 | Create | Villager (Male) |
| 22:47 | Create | Villager (Male) |
| 22:50 | Build | Farm |
| 22:54 | Build | Farm |
| 23:07 | Build | Town Center |
| 23:16 | Create | Militia |
| 23:16 | Create | Militia |
| 23:16 | Create | Militia |
| 23:37 | Research | Forging |
| 23:41 | Build | Farm |
| 23:46 | Build | House |
| 24:03 | Create | Spearman |
| 24:03 | Create | Spearman |
Build order — luismedina19877
First 150 of 180 actions detected
| 0:03 | Create | Villager (Male) |
| 0:03 | Create | Villager (Male) |
| 0:03 | Create | Villager (Male) |
| 0:08 | Build | House |
| 0:10 | Build | House |
| 0:16 | Create | Villager (Male) |
| 0:17 | Create | Villager (Male) |
| 0:17 | Create | Villager (Male) |
| 1:36 | Create | Villager (Male) |
| 1:36 | Create | Villager (Male) |
| 1:36 | Create | Villager (Male) |
| 2:00 | Build | Lumber Camp |
| 2:07 | Create | Villager (Male) |
| 2:31 | Create | Villager (Male) |
| 2:56 | Create | Villager (Male) |
| 3:15 | Create | Villager (Male) |
| 3:15 | Create | Villager (Male) |
| 3:38 | Create | Villager (Male) |
| 3:45 | Build | House |
| 4:07 | Create | Villager (Male) |
| 4:29 | Build | Mill |
| 4:31 | Create | Villager (Male) |
| 4:57 | Create | Villager (Male) |
| 4:57 | Create | Villager (Male) |
| 4:57 | Create | Villager (Male) |
| 5:25 | Create | Villager (Male) |
| 6:02 | Create | Villager (Male) |
| 6:11 | Build | House |
| 6:54 | Research | Loom |
| 7:44 | Create | Villager (Male) |
| 8:01 | Research | Feudal Age |
| 8:54 | Build | Barracks |
| 9:00 | Build | Farm |
| 9:21 | Build | Farm |
| 9:29 | Build | Farm |
| 9:37 | Build | Farm |
| 10:19 | Age | Feudal Age |
| 10:23 | Build | Stable |
| 10:24 | Create | Villager (Male) |
| 10:30 | Research | Double-Bit Axe |
| 10:43 | Build | House |
| 10:52 | Create | Villager (Male) |
| 10:54 | Build | Farm |
| 10:57 | Build | Farm |
| 11:00 | Create | Scout Cavalry |
| 11:00 | Create | Scout Cavalry |
| 11:00 | Create | Scout Cavalry |
| 11:14 | Create | Villager (Male) |
| 11:19 | Build | Farm |
| 11:40 | Create | Scout Cavalry |
| 11:41 | Create | Villager (Male) |
| 11:46 | Build | Farm |
| 12:10 | Build | House |
| 12:13 | Build | House |
| 12:15 | Create | Villager (Male) |
| 12:18 | Build | Farm |
| 12:30 | Build | Farm |
| 12:34 | Build | Farm |
| 12:39 | Create | Villager (Male) |
| 13:07 | Create | Villager (Male) |
| 13:09 | Build | Farm |
| 13:13 | Build | Farm |
| 13:33 | Create | Villager (Male) |
| 13:36 | Build | House |
| 13:53 | Create | Villager (Male) |
| 14:15 | Create | Villager (Male) |
| 14:19 | Build | Mining Camp |
| 14:33 | Create | Villager (Male) |
| 14:36 | Build | Lumber Camp |
| 15:16 | Create | Spearman |
| 15:16 | Create | Spearman |
| 15:42 | Research | Wheelbarrow |
| 15:51 | Create | Spearman |
| 16:02 | Build | Palisade Wall |
| 16:10 | Build | Palisade Wall |
| 17:08 | Create | Villager (Male) |
| 17:08 | Create | Villager (Male) |
| 17:21 | Build | House |
| 17:46 | Create | Villager (Male) |
| 18:27 | Create | Villager (Male) |
| 18:27 | Create | Villager (Male) |
| 18:31 | Research | Bloodlines |
| 18:32 | Create | Scout Cavalry |
| 18:33 | Create | Scout Cavalry |
| 18:33 | Create | Scout Cavalry |
| 19:16 | Build | Blacksmith |
| 19:36 | Create | Villager (Male) |
| 19:36 | Create | Villager (Male) |
| 19:57 | Research | Castle Age |
| 20:23 | Create | Spearman |
| 20:32 | Research | Scale Barding Armor |
| 20:35 | Create | Scout Cavalry |
| 20:35 | Create | Scout Cavalry |
| 21:24 | Build | Stable |
| 21:31 | Create | Spearman |
| 21:31 | Create | Spearman |
| 21:34 | Build | House |
| 21:36 | Build | House |
| 21:39 | Build | House |
| 21:48 | Build | Palisade Wall |
| 22:41 | Age | Castle Age |
| 22:43 | Create | Villager (Male) |
| 22:43 | Create | Villager (Male) |
| 22:46 | Research | Light Cavalry (upgrade) |
| 22:50 | Research | Pikeman (upgrade) |
| 22:56 | Research | Chain Barding Armor |
| 23:07 | Build | Town Center |
| 23:15 | Create | Villager (Male) |
| 23:26 | Build | Town Center |
| 23:44 | Build | Palisade Wall |
| 24:17 | Create | Villager (Male) |
| 24:18 | Create | Villager (Male) |
| 24:19 | Create | Villager (Male) |
| 24:24 | Build | Farm |
| 24:25 | Build | Farm |
| 24:38 | Create | Villager (Male) |
| 24:40 | Create | Villager (Male) |
| 24:41 | Create | Villager (Male) |
| 24:45 | Create | Villager (Male) |
| 24:49 | Build | Farm |
| 24:50 | Build | Farm |
| 24:51 | Build | Farm |
| 24:55 | Create | Knight |
| 24:55 | Create | Knight |
| 25:04 | Create | Villager (Male) |
| 25:05 | Create | Villager (Male) |
| 25:22 | Create | Villager (Male) |
| 25:23 | Create | Villager (Male) |
| 25:36 | Build | Farm |
| 25:51 | Create | Villager (Male) |
| 25:51 | Create | Villager (Male) |
| 25:52 | Create | Villager (Male) |
| 25:56 | Build | Farm |
| 25:58 | Create | Villager (Male) |
| 26:15 | Create | Knight |
| 26:16 | Create | Knight |
| 26:41 | Build | Siege Workshop |
| 26:57 | Create | Villager (Male) |
| 27:17 | Create | Battering Ram |
| 27:17 | Create | Battering Ram |
| 27:18 | Create | Battering Ram |
| 27:35 | Create | Spearman |
| 27:36 | Create | Spearman |
| 28:18 | Build | Market |
| 28:23 | Create | Villager (Male) |
| 28:24 | Create | Villager (Male) |
| 28:26 | Create | Villager (Male) |
| 28:27 | Create | Villager (Male) |
| 29:17 | Create | Villager (Male) |
| 29:17 | Create | Villager (Male) |
Build order — Elophant
First 150 of 235 actions detected
| 0:01 | Create | Villager (Male) |
| 0:01 | Create | Villager (Male) |
| 0:02 | Build | House |
| 0:04 | Build | House |
| 0:15 | Create | Villager (Male) |
| 0:16 | Create | Villager (Male) |
| 1:26 | Create | Villager (Male) |
| 1:26 | Create | Villager (Male) |
| 1:50 | Build | Lumber Camp |
| 2:09 | Create | Villager (Male) |
| 2:09 | Create | Villager (Male) |
| 2:09 | Create | Villager (Male) |
| 2:23 | Create | Villager (Male) |
| 2:46 | Create | Villager (Male) |
| 3:14 | Create | Villager (Male) |
| 3:50 | Create | Villager (Male) |
| 3:51 | Create | Villager (Male) |
| 3:51 | Create | Villager (Male) |
| 3:53 | Build | House |
| 4:51 | Create | Villager (Male) |
| 5:01 | Create | Villager (Male) |
| 5:09 | Create | Villager (Male) |
| 5:12 | Build | Mill |
| 5:19 | Create | Villager (Male) |
| 6:25 | Create | Villager (Male) |
| 6:28 | Research | Loom |
| 6:56 | Research | Feudal Age |
| 8:21 | Build | Barracks |
| 8:40 | Build | House |
| 8:43 | Create | Villager (Male) |
| 8:43 | Create | Villager (Male) |
| 9:31 | Age | Feudal Age |
| 9:38 | Build | Stable |
| 9:46 | Research | Double-Bit Axe |
| 9:46 | Research | Double-Bit Axe |
| 10:01 | Create | Villager (Male) |
| 10:01 | Create | Villager (Male) |
| 10:14 | Build | Palisade Gate |
| 10:15 | Build | Palisade Wall |
| 10:30 | Create | Scout Cavalry |
| 10:32 | Create | Villager (Male) |
| 10:56 | Create | Villager (Male) |
| 10:58 | Create | Scout Cavalry |
| 11:05 | Build | House |
| 11:11 | Build | House |
| 11:13 | Build | House |
| 11:14 | Build | House |
| 11:16 | Create | Villager (Male) |
| 11:23 | Build | House |
| 11:25 | Build | Palisade Wall |
| 11:31 | Build | Farm |
| 11:31 | Build | Farm |
| 11:31 | Build | Farm |
| 11:32 | Build | Farm |
| 11:32 | Build | Farm |
| 11:32 | Build | Farm |
| 11:35 | Build | Farm |
| 11:35 | Build | Farm |
| 11:35 | Build | Farm |
| 11:36 | Build | Farm |
| 11:54 | Create | Scout Cavalry |
| 12:00 | Build | Farm |
| 12:06 | Build | Farm |
| 12:13 | Create | Scout Cavalry |
| 12:20 | Build | House |
| 12:25 | Build | Farm |
| 12:27 | Build | Farm |
| 12:40 | Build | House |
| 12:42 | Create | Villager (Male) |
| 12:43 | Create | Villager (Male) |
| 12:49 | Create | Scout Cavalry |
| 12:56 | Build | Farm |
| 13:10 | Create | Villager (Male) |
| 13:14 | Build | House |
| 13:17 | Create | Villager (Male) |
| 13:18 | Create | Villager (Male) |
| 13:18 | Create | Villager (Male) |
| 13:28 | Build | House |
| 13:30 | Build | Palisade Wall |
| 13:33 | Build | Palisade Wall |
| 13:34 | Create | Villager (Male) |
| 13:35 | Create | Villager (Male) |
| 13:39 | Create | Scout Cavalry |
| 13:57 | Build | Palisade Wall |
| 14:15 | Create | Villager (Male) |
| 14:18 | Build | Palisade Wall |
| 14:29 | Create | Villager (Male) |
| 14:32 | Build | Farm |
| 14:35 | Build | Farm |
| 14:36 | Build | Farm |
| 15:36 | Create | Villager (Male) |
| 15:37 | Create | Villager (Male) |
| 15:38 | Create | Villager (Male) |
| 15:38 | Create | Villager (Male) |
| 15:58 | Build | Mining Camp |
| 16:39 | Research | Wheelbarrow |
| 16:49 | Build | Blacksmith |
| 18:18 | Create | Scout Cavalry |
| 18:19 | Create | Scout Cavalry |
| 18:40 | Research | Castle Age |
| 18:41 | Research | Castle Age |
| 18:56 | Build | House |
| 19:07 | Build | House |
| 19:26 | Research | Scale Barding Armor |
| 19:30 | Research | Bloodlines |
| 20:07 | Build | Lumber Camp |
| 20:34 | Build | House |
| 20:42 | Create | Villager (Male) |
| 20:42 | Create | Villager (Male) |
| 20:45 | Research | Horse Collar |
| 20:49 | Build | Farm |
| 21:01 | Build | Stable |
| 21:20 | Age | Castle Age |
| 21:27 | Create | Knight |
| 21:28 | Research | Husbandry |
| 21:33 | Research | Chain Barding Armor |
| 21:36 | Create | Villager (Male) |
| 21:45 | Build | Farm |
| 21:48 | Build | Farm |
| 22:04 | Create | Knight |
| 22:05 | Create | Knight |
| 22:20 | Create | Knight |
| 22:21 | Create | Knight |
| 22:33 | Create | Villager (Male) |
| 22:36 | Create | Knight |
| 22:36 | Create | Knight |
| 22:37 | Create | Knight |
| 23:00 | Create | Villager (Male) |
| 23:09 | Create | Villager (Male) |
| 23:10 | Create | Villager (Male) |
| 23:11 | Create | Knight |
| 23:11 | Create | Knight |
| 23:11 | Create | Knight |
| 23:22 | Create | Villager (Male) |
| 23:23 | Create | Villager (Male) |
| 23:28 | Create | Villager (Male) |
| 23:28 | Create | Villager (Male) |
| 23:29 | Create | Villager (Male) |
| 23:31 | Build | House |
| 23:44 | Create | Knight |
| 23:44 | Create | Knight |
| 24:05 | Create | Villager (Male) |
| 24:05 | Create | Villager (Male) |
| 24:26 | Research | Forging |
| 24:49 | Create | Villager (Male) |
| 24:49 | Create | Villager (Male) |
| 25:01 | Build | House |
| 25:07 | Create | Knight |
| 25:07 | Create | Knight |
| 25:21 | Build | Gate |
Match timeline
| 8:21 | Elophant · first_building Barracks |
| 8:45 | laoliu · first_building Barracks |
| 8:54 | luismedina19877 · first_building Barracks |
| 9:26 | CrybabyRox · first_building Barracks |
| 9:31 | Elophant · age_up feudal |
| 9:38 | Elophant · first_building Stable |
| 9:59 | nash7654321 · first_building Barracks |
| 10:10 | laoliu · age_up feudal |
| 10:13 | laoliu · first_building Stable |
| 10:15 | Elophant · wall_segment Palisade Wall x1 |
| 10:19 | luismedina19877 · age_up feudal |
| 10:23 | luismedina19877 · first_building Stable |
| 11:25 | Elophant · wall_segment Palisade Wall x5 |
| 11:29 | CrybabyRox · age_up feudal |
| 11:32 | CrybabyRox · first_building Stable |
| 12:00 | nash7654321 · age_up feudal |
| 12:38 | km_wp · age_up feudal |
| 13:30 | Elophant · wall_segment Palisade Wall x1 |
| 13:33 | Elophant · wall_segment Palisade Wall x14 |
| 13:57 | Elophant · wall_segment Palisade Wall x1 |
| 14:15 | nash7654321 · first_building Archery Range |
| 14:18 | Elophant · wall_segment Palisade Wall x5 |
| 16:02 | luismedina19877 · wall_segment Palisade Wall x1 |
| 16:10 | luismedina19877 · wall_segment Palisade Wall x1 |
| 20:41 | laoliu · wall_segment Palisade Wall x1 |
| 21:20 | Elophant · age_up castle |
| 21:48 | luismedina19877 · wall_segment Palisade Wall x7 |
| 22:33 | km_wp · age_up castle |
| 22:37 | nash7654321 · age_up castle |
| 22:41 | luismedina19877 · age_up castle |
| 22:46 | laoliu · age_up castle |
| 23:44 | luismedina19877 · wall_segment Palisade Wall x6 |
| 23:50 | laoliu · first_building Monastery |
| 24:04 | CrybabyRox · age_up castle |
| 25:51 | km_wp · first_building Castle |
| 26:41 | luismedina19877 · first_building Siege Workshop |
| 28:37 | km_wp · first_building Siege Workshop |
| 29:26 | luismedina19877 · first_market_buy 100 stone |
| 30:33 | nash7654321 · first_building Siege Workshop |
| 32:27 | nash7654321 · first_building Castle |
| 33:21 | CrybabyRox · resign |
[ AI ANALYSIS · 1 CREDIT ]
What really happened in this match?
Wolo.gg analyzes every decision: build order, eco, micro, common mistakes by bracket. Personalized analysis on WhatsApp or Discord in 30 seconds.
Civ guide
Huns
Map guide
Arabia
Perfil
Jugador #21717804